 Dungeon Crawl Stone Soup version 0.21-a0-356-g45b0a09 (webtiles) character file.

16169 grizmgrazm2 the Basher (level 12, -1/105 HPs)
             Began as a Minotaur Fighter on Oct 12, 2017.
             Was a Believer of Ashenzari.
             Slain by Joseph
             ... wielding a +0 quarterstaff
              (12 damage)
             ... on level 1 of the Lair of Beasts.
             The game lasted 00:28:24 (8060 turns).

grizmgrazm2 the Basher (Minotaur Fighter)           Turns: 8060, Time: 00:28:25

Health: -1/105     AC:  0    Str: 24    XL:     12   Next: 7%
Magic:  11/11      EV: 17    Int:  5    God:    Ashenzari [**....]
Gold:   758        SH:  0    Dex: 12    Spells: 9/11 levels left

rFire    . . .     SeeInvis .   (weapon currently unavailable)
rCold    . . .     Gourm    .   (shield currently unavailable)
rNeg     . . .     Faith    .   (armour currently unavailable)
rPois    .         Spirit   .   (helmet currently unavailable)
rElec    .         Reflect  .   (cloak currently unavailable)
rCorr    .         Harm     .   (gloves currently unavailable)
MR       .....                  (boots currently unavailable)
Stlth    +.........             e - amulet of regeneration (curse)
HPRegen  0.27/turn              (ring currently unavailable)
MPRegen  0.12/turn              (ring currently unavailable)

@: pig-form, very quick
A: (retaliatory headbutt)
a: Curse Item, Scrying, Renounce Religion


You were on level 1 of the Lair of Beasts.
You worshipped Ashenzari.
Ashenzari was pleased with you.
You were hungry.
You were a filthy swine.
You visited 3 branches of the dungeon, and saw 13 of its levels.
You also visited: Sewer.

You collected 758 gold pieces.

Inventory:

Hand Weapons
 u - a cursed +4 mace of crushing (melded)
Armour
 b - a +0 scale mail (melded)
 c - a cursed +5 shield (melded)
 t - a cursed +0 cloak (melded)
Jewellery
 e - a cursed amulet of regeneration (around neck)
 v - a cursed ring of ice (melded)
 w - a cursed ring of flight (melded)
Wands
 h - a wand of lightning (4/15)
 j - a wand of enslavement (3/24)
 k - a wand of iceblast (10/15)
 x - a wand of confusion (32/48)
 z - a wand of lightning (6/15)
 D - a wand of iceblast (11/15)
 H - a wand of paralysis (17/24)
 M - a wand of acid (6/15)
Scrolls
 a - 2 scrolls of remove curse
 d - 3 scrolls of recharging
 g - 4 scrolls of enchant weapon
 i - 3 scrolls of magic mapping
 B - a scroll of fear
 C - a scroll of fog
 F - 2 scrolls of teleportation
 I - 4 scrolls of identify
 L - a scroll of amnesia
Potions
 m - a potion of brilliance
 p - 2 potions of resistance
 q - 3 potions of magic
 s - a potion of ambrosia {unknown}
 A - 4 potions of curing
 E - 2 potions of cancellation {unknown}
 G - 6 potions of flight {unknown}
 J - a potion of lignification {unknown}
Books
 y - a book of Battle

   Spells                             Type                      Level
   a - Infusion                       Charms                       1
   b - Shroud of Golubria             Charms/Translocation         2
   c - Song of Slaying                Charms                       2
   d - Spectral Weapon                Hexes/Charms                 3
   e - Regeneration                   Charms/Necromancy            3
 K - a Young Poisoner's Handbook

   Spells                             Type                      Level
   a - Sting                          Conjuration/Poison           1
   b - Poisonous Vapours              Poison/Air                   2
   c - Mephitic Cloud                 Conjuration/Poison/Air       3
   d - Olgreb's Toxic Radiance        Poison                       4
   e - Venom Bolt                     Conjuration/Poison           5
Comestibles
 f - 2 bread rations
 l - 7 meat rations
 n - 4 fruits
 o - 15 royal jellies


   Skills:
 + Level 9.5 Fighting
 + Level 13.8(15.7) Maces & Flails
 + Level 9.9 Armour
 + Level 5.9 Dodging
 - Level 0.3 Stealth
 + Level 12.7(13.9) Shields


You had 9 spell levels left.
You knew the following spells:

 Your Spells              Type           Power        Failure   Level  Hunger
a - Song of Slaying       Chrm           #.......     58%         2    ###....


Dungeon Overview and Level Annotations

Branches:
Dungeon (11/15)            Temple (1/1) D:7            Lair (1/6) D:11
    Orc: D:9-12

Altars:
Ashenzari
Cheibriados
Dithmenos
Elyvilon
Fedhas
Gozag
Hepliaklqana
Kikubaaqudgha
Makhleb
Nemelex Xobeh
Okawaru
Qazlal
Ru
Sif Muna
Trog
Uskayaw
Vehumet
Wu Jian
Xom
Yredelemnul
Zin
The Shining One

Shops:
D:5 =

Annotations:
Lair:1 Joseph


Innate Abilities, Weirdness & Mutations

((You reflexively headbutt those who attack you in melee.))
((You have a pair of horns on your head.))


Message History

You bite Joseph!
Joseph is severely wounded.
You are feeling hungry.
You hit Joseph but do no damage.
Joseph is severely wounded.
Joseph hits you with an uncursed quarterstaff!
* * * LOW HITPOINT WARNING * * *
You hit Joseph.
Joseph is almost dead.
Joseph hits you with an uncursed quarterstaff!
* * * LOW HITPOINT WARNING * * *
You feel better.
Joseph hits you with an uncursed quarterstaff!
* * * LOW HITPOINT WARNING * * *
You closely miss Joseph.
Joseph is almost dead.
You closely miss Joseph.
Joseph is almost dead.
Joseph hits you with an uncursed quarterstaff!
You die...

#..##* * * #...# *
**###.##
+#+#<.#########P#..#
..................#*
..................#
>.................#
..................#
..................#
................h.#
......##...#.#..P@#
......#.........#.#
##....#.....†...#.#
#..............#.#
..#.........#.## *
............#..#
..#.........#.## .
#.........#.#


You could see Joseph.

Vanquished Creatures
  A hydra (Lair:1)
  2 two-headed ogres
  3 unseen horrors (D:11)
  Pikel (D:7)
  Maurice (D:8)
  Psyche (D:8)
  3 centaur skeletons
  2 trolls (D:11)
  Prince Ribbit (D:9)
  A queen bee (D:11)
  Grinder (D:4)
  2 hippogriffs
  A vampire (D:10)
  2 wyverns
  13 yaks
  An acid dragon (D:9)
  2 hell hounds (D:11)
  2 water moccasins
  6 ice beasts
  An orc warrior (D:7)
  A sky beast (D:7)
  2 slaves (D:7)
  4 black bears
  An eye of draining (D:11)
  6 ogres
  A phantom (D:4)
  6 centaurs
  A crocodile (Sewer)
  A big kobold (D:10)
  4 bullfrogs
  3 scorpions
  34 killer bees
  9 wights
  5 howler monkeys
  4 bullfrog zombies
  4 crimson imps
  A quasit (D:7)
  3 hounds
  4 jellies
  A bullfrog skeleton (D:11)
  3 orc priests
  7 worker ants
  Terence (D:2)
  5 iguanas
  Natasha (thrice) (D:2)
  7 orc wizards
  A killer bee zombie (D:9)
  A hound zombie (D:5)
  3 hound skeletons
  A howler monkey zombie (D:7)
  2 worker ant zombies
  7 gnolls
  11 adders
  5 shadow imps
  An adder skeleton (D:5)
  5 worms
  3 dart slugs (D:2)
  8 leopard geckos
  28 orcs
  5 ball pythons
  4 bats
  3 giant cockroaches
  8 goblins
  9 hobgoblins
  25 jackals
  2 quokkas
  A ball python skeleton (D:4)
  3 frilled lizards
  A jackal zombie (D:5)
  14 kobolds
  A quokka zombie (D:7)
  6 rats
  A butterfly (D:7)
327 creatures vanquished.

Vanquished Creatures (others)
  2 slaves (D:7)
2 creatures vanquished.

Grand Total: 329 creatures vanquished

Notes
Turn   | Place    | Note
-------+----------+-------------------------------------------
     0 | D:1      | grizmgrazm2 the Minotaur Fighter began the quest for the Orb.
     0 | D:1      | Reached XP level 1. HP: 19/19 MP: 0/0
   207 | D:1      | Reached XP level 2. HP: 24/27 MP: 1/1
   629 | D:2      | Noticed Terence
   637 | D:2      | Killed Terence
   637 | D:2      | Reached XP level 3. HP: 20/33 MP: 2/2
   724 | D:2      | Reached skill level 3 in Maces & Flails
   725 | D:2      | Reached XP level 4. HP: 37/40 MP: 3/3
   784 | D:2      | Noticed Natasha
   791 | D:2      | Killed Natasha
   823 | D:2      | Reached skill level 5 in Armour
   835 | D:2      | Reached skill level 4 in Maces & Flails
   835 | D:2      | Reached XP level 5. HP: 42/46 MP: 4/4
   921 | D:2      | Reached skill level 1 in Dodging
   972 | D:2      | Noticed Natasha
   979 | D:2      | Killed Natasha
   989 | D:2      | Found an iron altar of Okawaru.
  1065 | D:2      | Noticed Natasha
  1074 | D:2      | Killed Natasha
  1173 | D:3      | Found a shimmering altar of Xom.
  1462 | D:4      | Reached skill level 5 in Maces & Flails
  1625 | D:4      | Reached XP level 6. HP: 53/53 MP: 5/5
  1782 | D:4      | Noticed Grinder
  1787 | D:4      | Paralysed by Grinder for 2 turns
  1793 | D:4      | Paralysed by Grinder for 7 turns
  1800 | D:4      | Killed Grinder
  1800 | D:4      | Reached skill level 5 in Shields
  1905 | D:3      | Reached XP level 7. HP: 26/60 MP: 6/6
  2093 | D:3      | Reached skill level 6 in Maces & Flails
  2470 | D:5      | Entered Level 5 of the Dungeon
  2697 | D:5      | Reached skill level 5 in Fighting
  2697 | D:5      | Reached skill level 7 in Maces & Flails
  2816 | D:5      | Reached XP level 8. HP: 61/68 MP: 7/7
  2853 | D:5      | Found Dasysan's Jewellery Shop.
  2973 | D:5      | Found a glowing drain.
  2977 | Sewer    | Entered a sewer
  3254 | D:6      | Reached skill level 8 in Maces & Flails
  3880 | D:7      | Noticed Pikel
  3906 | D:7      | Killed Pikel
  3906 | D:7      | Reached skill level 9 in Maces & Flails
  3906 | D:7      | Reached XP level 9. HP: 32/75 MP: 8/8
  4034 | D:7      | Got a smoking jade amulet
  4259 | D:7      | Reached skill level 10 in Maces & Flails
  4415 | D:7      | Found a staircase to the Ecumenical Temple.
  4425 | Temple   | Entered the Ecumenical Temple
  4519 | Temple   | Became a worshipper of Ashenzari the Shackled
  4519 | Temple   | Identified the amulet "Cenoax" {RegenMP rN+} (You found it on level 7 of the Dungeon)
  4835 | D:8      | Found a shadowy altar of Dithmenos.
  4922 | D:8      | Noticed Maurice
  4942 | D:8      | Killed Maurice
  4946 | D:8      | Reached * piety under Ashenzari
  4968 | D:8      | Reached skill level 11 in Maces & Flails
  4968 | D:8      | Reached XP level 10. HP: 81/84 MP: 9/9
  5049 | D:8      | Noticed Psyche
  5061 | D:8      | Killed Psyche
  5135 | D:8      | Noticed a two-headed ogre
  5144 | D:8      | Killed a two-headed ogre
  5144 | D:8      | Reached skill level 10 in Shields
  5222 | D:8      | Learned a level 2 spell: Song of Slaying
  5321 | D:9      | Reached skill level 12 in Maces & Flails
  5427 | D:9      | Noticed Prince Ribbit
  5439 | D:9      | Killed Prince Ribbit
  5965 | D:9      | Reached XP level 11. HP: 84/94 MP: 10/10
  6081 | D:10     | Entered Level 10 of the Dungeon
  6257 | D:10     | Reached skill level 5 in Dodging
  6375 | D:10     | Noticed a two-headed ogre
  6389 | D:10     | Killed a two-headed ogre
  6844 | D:11     | Reached skill level 13 in Maces & Flails
  7020 | D:11     | Found a staircase to the Lair.
  7047 | D:11     | Reached ** piety under Ashenzari
  7167 | D:11     | Killed an unseen horror
  7649 | D:11     | Killed an unseen horror
  7797 | D:11     | Killed an unseen horror
  7797 | D:11     | Reached XP level 12. HP: 63/105 MP: 11/11
  7954 | Lair:1   | Entered Level 1 of the Lair of Beasts
  7996 | Lair:1   | Noticed a five-headed hydra
  7999 | Lair:1   | Noticed Joseph
  8004 | Lair:1   | Killed a five-headed hydra
  8060 | Lair:1   | Slain by Joseph

Vault maps used:
D:1:      eino_arrival_cavern_c
D:2:      okawaru_ov_weapons_minmay, uniq_terence, uniq_natasha
D:3:      first_bread, xom_teletrap_fun
D:4:      st_stairs_3, uniq_grinder
D:5:      gup_sewer_entry_bowl, serial_shops, shop, minivault_26,
          hangedman_decor_push
D:6:      kennysheep_cross_room
D:7:      minmay_temple_entry_butterflies, uniq_pikel
D:8:      basic_altar, uniq_maurice, uniq_psyche
D:9:      kb_rosetta, uniq_prince_ribbit1
D:11:     minmay_lair_entry_lava, david_nohive_1
Temple:   dpeg_three_leaves_temple
Lair:1:   uniq_joseph
Sewer:    sewer_the_crocodile

Skill      XL: |  1  2  3  4  5  6  7  8  9 10 11 |
---------------+----------------------------------+-----
Shields        | 4 5 6 7 9 10 12 | 12.7
Armour         | 4 5 6 7 8 9 |  9.9
Fighting       | 4 5 6 8 9 |  9.5
Maces & Flails | 3 4 5 7 9 11 12 13 | 13.8
Dodging        | 1 2 3 4 5 |  5.9
Stealth        | |  0.3

Action                   |  1- 3 |  4- 6 |  7- 9 | 10-12 || total
-------------------------+-------+-------+-------+-------++-------
Melee: Flail             |    68 |   150 |   175 |       ||   393
       Headbutt          |     5 |    27 |    69 |   119 ||   220
       Mace              |       |       |   208 |   569 ||   777
       Unarmed           |       |       |       |    15 ||    15
Invok: Curse Item        |       |       |     5 |     1 ||     6
  Use: Scroll            |       |    10 |    16 |     2 ||    28
       Potion            |       |     3 |     1 |    13 ||    17
 Stab: Invisible         |       |       |       |     1 ||     1
  Eat: Chunk             |       |     2 |     3 |     6 ||    11
       Bread ration      |       |     1 |     1 |     1 ||     3
Armor: Scale mail        |    15 |    51 |    82 |    91 ||   239
Dodge: Dodged            |    27 |    52 |    88 |   112 ||   279
Block: Shield            |    31 |    89 |   219 |   368 ||   707

Table legend:
 A = Spawn XP
 B = Non-spawn XP
 C = Spawn XP percentage of total XP
 D = Spawn monster count
 E = Non-spawn monster count
 F = Spawn count percentage of total count
 G = Total turns spent on level
                    A         B        C        D         E        F      G
               +---------+---------+-------+---------+---------+-------+---------
         Total |       0 |   23099 |   0.0 |       0 |     324 |   0.0 |  8060
               +---------+---------+-------+---------+---------+-------+---------
           D:1 |       0 |      27 |   0.0 |       0 |      15 |   0.0 |   584
           D:2 |       0 |     255 |   0.0 |       0 |      29 |   0.0 |   543
           D:3 |       0 |     244 |   0.0 |       0 |      26 |   0.0 |   768
           D:4 |       0 |     644 |   0.0 |       0 |      25 |   0.0 |   575
           D:5 |       0 |     559 |   0.0 |       0 |      24 |   0.0 |   632
           D:6 |       0 |     380 |   0.0 |       0 |      11 |   0.0 |   633
           D:7 |       0 |    2051 |   0.0 |       0 |      40 |   0.0 |   813
           D:8 |       0 |    3357 |   0.0 |       0 |      25 |   0.0 |   444
           D:9 |       0 |    4561 |   0.0 |       0 |      43 |   0.0 |   856
          D:10 |       0 |    2287 |   0.0 |       0 |      24 |   0.0 |   819
          D:11 |       0 |    7469 |   0.0 |       0 |      54 |   0.0 |  1054
        Lair:1 |       0 |    1152 |   0.0 |       0 |       2 |   0.0 |   106
         Sewer |       0 |     113 |   0.0 |       0 |       6 |   0.0 |   115
               +---------+---------+-------+---------+---------+-------+---------
